cohdb
Replays
Latest Replays
All Replays
Popular Replays
Top Player Replays
Match Explorer
How It Works
Community
CoH3 Stats
Reddit
Sign in to upload your games and track your stats! →
Sign in with Steam
Match 39430625
Unlisted
Match 39430625
Overview
Messages
Build Orders
End
Construct Infanterie Kompanie
Selects Breakthrough Battlegroup
MG 42 Machine Gun Team
MG 42 Machine Gun Team
Grenadier Squad
Grenadier Squad
Construct Panzergrenadier Kompanie
Selects 2.5-tonne Cargo Truck
2.5-tonne Cargo Truck
Medical Bunker
251 Medium Carrier
Pak 40 Anti-tank Gun Team
Panzergrenadier Squad
Selects Blitzkrieg
Construct Panzer Kompanie
Panzer IV Medium Tank
Blitzkrieg
Stoßtruppen Squad
Pak 40 Anti-tank Gun Team
Pak 40 Anti-tank Gun Team
Stoßtruppen Squad
Jojoleix
Sonovil
Aprosarmosto
IronMagic
Shirka
Buy Bitcoin
0
0
Comments
sign in to comment!
No comments posted yet!